 Dungeon Crawl Stone Soup version 0.30-a0-743-gbfdf073431 (webtiles) character file.

Game seed: 9862175665102295468

4826 SweetAndFullOfGrace the Slicer (level 10, -14/51 HPs)
             Began as a Spriggan Enchanter on Jan 31, 2023.
             Was an Elder of Kikubaaqudgha.
             Shot with a sling bullet by Joseph (17 damage)
             ... on level 9 of the Dungeon on Feb 7, 2023.
             The game lasted 01:03:00 (9959 turns).

SweetAndFullOfGrace the Slicer (Spriggan Enchanter) Turns: 9959, Time: 01:03:01

Health: -14/51     AC:  3    Str:  6    XL:     10   Next: 25%
Magic:  9/19       EV: 22    Int: 18    God:    Kikubaaqudgha [****..]
Gold:   523        SH:  0    Dex: 17    Spells: 11/23 levels left

rFire   . . .      SeeInvis +    a - +2 dagger
rCold   . . .      Faith    +    (no shield)
rNeg    . . .      Spirit   .    b - +0 robe
rPois   .          Reflect  .    (helmet restricted)
rElec   .          Harm     .    C - +0 cloak
rCorr   +          Rampage  .    (gloves unavailable)
Will    +....                    (boots unavailable)
Stlth   +++                      n - amulet of faith
HPRegen 0.28/turn                h - ring of resist corrosion
MPRegen 0.16/turn                (no ring)

@: very quick
A: very small, no large weapons, unfitting armour, see invisible, speed 3, horns
1, deterioration 1, low MP 1, mutation resistance 1
a: Renounce Religion, Unearth Wretches


You were on level 9 of the Dungeon.
You worshipped Kikubaaqudgha.
Kikubaaqudgha was greatly pleased with you.
You visited 2 branches of the dungeon, and saw 10 of its levels.

You collected 625 gold pieces.
You spent 102 gold pieces at shops.

Inventory:

Hand Weapons
 a - a +2 dagger (weapon)
 A - a +2 hammer of holy wrath
 B - a +4 quarterstaff of chaos
 D - the +6 hammer of Royalism {protect, Contam rElec SInv Stlth+}
   (You found it on level 3 of the Dungeon)

   rElec:     It insulates you from electricity.
   SInv:      It lets you see invisible.
   Contam:    It causes magical contamination when unequipped.
   Stlth:     It makes you more stealthy.
 E - a +0 hammer of draining
 L - a +0 dagger of venom
Missiles
 e - 80 stones (quivered)
 u - 14 poisoned darts
 I - 13 boomerangs
Armour
 b - a +0 robe (worn)
 C - a +0 cloak (worn)
Jewellery
 h - a ring of resist corrosion (left hand)
 n - an amulet of faith (around neck)
 z - an amulet of guardian spirit
Wands
 i - a wand of iceblast (8)
 t - a wand of digging (4)
 H - a wand of quicksilver (29)
 J - a wand of flame (19)
 M - a wand of charming (13)
Scrolls
 d - 2 scrolls of magic mapping
 g - 3 scrolls of noise
 j - a scroll of immolation
 k - 4 scrolls of enchant weapon
 q - a scroll of fear
 s - 2 scrolls of teleportation
 y - 3 scrolls of vulnerability
 F - 2 scrolls of poison
 G - a scroll of fog {unknown}
 K - a scroll of butterflies {unknown}
Potions
 c - 2 potions of invisibility
 f - a potion of lignification {unknown}
 l - 5 potions of curing
 m - 4 potions of degeneration
 o - a potion of heal wounds
 p - a potion of might
 r - a potion of haste {unknown}
 v - a potion of ambrosia {unknown}
 w - a potion of cancellation
 x - 2 potions of brilliance


   Skills:
 + Level 4.4 Fighting
 * Level 8.9 Short Blades
 + Level 7.9 Dodging
 - Level 6.0 Stealth
 + Level 7.3 Spellcasting
 * Level 8.0 Hexes
 * Level 4.4 Necromancy


You had 11 spell levels left.
You knew the following spells:

 Your Spells              Type           Power      Damage    Failure   Level
a - Ensorcelled Hibernat  Hex/Ice        42%        N/A       3%          2
b - Confusing Touch       Hex            35%        N/A       1%          3
c - Necrotise             Necr           88%        1d8       1%          1
d - Tukima's Dance        Hex            35%        N/A       1%          3
e - Vampiric Draining     Necr           22%        2d7       4%          3

Your spell library contained the following spells:

 Spells                   Type           Power      Damage    Failure   Level
 Dazzling Flash           Conj/Hex       42%        N/A       6%          3
 Portal Projectile        Hex/Tloc       42%        N/A       6%          3
 Cigotuvi's Dreadful Rot  Necr/Pois/Air  22%        N/A       9%          2
 Beastly Appendage        Tmut           12%        N/A       11%         1
 Wereblood                Tmut           6%         N/A       16%         2
 Animate Dead             Necr           22%        N/A       17%         4
 Spider Form              Tmut/Pois      6%         N/A       30%         3
 Agony                    Necr           22%        N/A       43%         5
 Borgnjor's Vile Clutch   Necr/Erth      7%         N/A       75%         5
 Death Channel            Necr           11%        N/A       95%         6
 Blade Hands              Tmut           3%         N/A       96%         5
 Simulacrum               Ice/Necr       7%         N/A       100%        6


Dungeon Overview and Level Annotations

Branches:
Dungeon (9/15)             Temple (1/1) D:7
   Lair: D:8-11         Orc: D:9-12

Altars:
Ashenzari
Cheibriados
Dithmenos
Elyvilon
Fedhas
Gozag
Hepliaklqana
Kikubaaqudgha
Makhleb
Nemelex Xobeh
Okawaru
Qazlal
Ru
Sif Muna
Trog
Uskayaw
Yredelemnul
Zin
The Shining One

Shops:
D:1 !   D:2 *   D:8 =

Annotations:
D:9 Joseph


Innate Abilities, Weirdness & Mutations

You are very small and have problems with some larger weapons.
You are too small for most types of armour.
You have supernaturally acute eyesight. (SInv)
You cover ground extremely quickly. (Speed+++)
You have a pair of small horns on your head.
Your body sometimes deteriorates upon taking damage.
Your magical capacity is low. (-10% MP)
You are somewhat resistant to further mutation.


Message History

Okay, then.
I - 13 boomerangs (gained 3)
Items here: ))))))))) [ †††.
Okay, then.
A killer bee comes into view. x2
Joseph, a Mercenary comes into view.
He is wielding a +0 quarterstaff, wearing a +2 ring mail of fire resistance and carrying a wand of digging (1).
The killer bee moves out of view. x2
You closely miss Joseph.
Joseph shouts!
You headbutt Joseph, but do no damage.
You hear an angry buzzing noise. x3
Casting: Necrotise (safe; 1% risk of failure)
Confirm with . or Enter, or press ? or * to list all spells.
Aiming: Vampiric Draining (dangerous; 4% risk of failure)
Press: ? - help, Shift-Dir - straight line, f - Joseph
Aim: Joseph, wielding a +0 quarterstaff, wearing a +2 ring mail of fire resistance and carrying a wand of digging (1)
You draw life force from Joseph!
Joseph misses you.
Casting: Vampiric Draining (dangerous; 4% risk of failure)
Confirm with . or Enter, or press ? or * to list all spells.
Aiming: Tukima's Dance (safe; 1% risk of failure)
Press: ? - help, Shift-Dir - straight line, f/p - Joseph
Aim: Joseph, wielding a +0 quarterstaff, wearing a +2 ring mail of fire resistance and carrying a wand of digging (1) (lightly wounded, chance to affect: 46%) Joseph resists with some effort.
Joseph hits you with a +0 quarterstaff!
You hit Joseph but do no damage. You headbutt Joseph.
Joseph is moderately wounded.
Joseph hits you with a +0 quarterstaff!
You hit Joseph but do no damage.
Joseph is moderately wounded.
Joseph hits you with a +0 quarterstaff!
You hit Joseph but do no damage.
Joseph is moderately wounded.
Joseph smiles happily.
Joseph hits you with a +0 quarterstaff!
* * * LOW HITPOINT WARNING * * *
Items here: ))))))))) [ †††.
There is a stone staircase leading up, spattered with blood here.
Joseph unwields a +0 quarterstaff.
Joseph wields a +2 heavy sling.
Joseph shoots a sling bullet.
The sling bullet hits you!
You die...
Kikubaaqudgha rasps: "You have failed me!
Welcome... death!"

. .. .. +.
##+# #. #)@#
#.y#)##
#@.########
#.........#
#.....$...#
#.....[...#
#....^.....
..........#
.#.........#


You could see Joseph.

Vanquished Creatures
  A troll (D:7)
  Grinder (D:4)
  Sigmund (D:3)
  A wraith (D:6)
  4 yaks (D:8)
  2 steam dragons
  2 water moccasins
  3 orc warriors
  An ice beast (D:7)
  An ogre (D:5)
  A centaur (D:6)
  A phantom (D:4)
  A kobold brigand (D:8)
  4 necrophages (D:5)
  3 bullfrogs
  3 scorpions
  11 wights (D:7)
  4 killer bees (D:8)
  3 howler monkeys (D:9)
  5 jellies
  Crazy Yiuf (D:3)
  3 hounds
  2 orc priests (D:8)
  5 iguanas (D:5)
  3 orc wizards
  Terence (D:2)
  Robin (D:4)
  11 adders
  2 white imps
  An ufetubus (D:5)
  2 worms
  A dart slug (D:1)
  36 orcs
  9 ball pythons
  4 endoplasms
  2 giant cockroaches
  14 goblins
  12 hobgoblins
  6 jackals (D:3)
  5 quokkas
  4 bats
  6 frilled lizards
  11 kobolds
  5 rats
200 creatures vanquished.

Vanquished Creatures (collateral kills)
  An orc warrior (D:8)
1 creature vanquished.

Vanquished Creatures (others)
  A dancing weapon (D:9)
1 creature vanquished.

Grand Total: 202 creatures vanquished

Notes
Turn   | Place    | Note
-------+----------+-------------------------------------------
     0 | D:1      | SweetAndFullOfGrace the Spriggan Enchanter began the quest
                  | for the Orb.
     0 | D:1      | Reached XP level 1. HP: 9/9 MP: 5/5
   142 | D:1      | Reached XP level 2. HP: 13/13 MP: 6/6
   242 | D:1      | Reached skill level 3 in Dodging
   508 | D:1      | Reached skill level 2 in Short Blades
   662 | D:1      | Found Qieddiub's Distillery.
   665 | D:1      | Bought a potion of curing for 39 gold pieces
   665 | D:1      | Bought a potion of degeneration for 13 gold pieces
   876 | D:1      | Reached skill level 3 in Spellcasting
   876 | D:1      | Reached XP level 3. HP: 17/17 MP: 6/8
   879 | D:1      | Learned a level 2 spell: Ensorcelled Hibernation
   883 | D:1      | Learned a level 3 spell: Confusing Touch
  1293 | D:2      | Noticed Terence
  1447 | D:2      | Reached skill level 4 in Hexes
  1647 | D:2      | HP: 1/17 [adder (1)]
  1649 | D:2      | Reached XP level 4. HP: 2/21 MP: 9/9
  1963 | D:2      | Found Vadediex's Assorted Antiques.
  1970 | D:2      | Bought a scroll labelled NAUSAL VIGGA for 25 gold pieces
  1970 | D:2      | Bought a scroll labelled ZIAWNONUTT for 25 gold pieces
  2206 | D:2      | Killed Terence
  2207 | D:2      | Reached skill level 1 in Fighting
  2207 | D:2      | Reached skill level 5 in Stealth
  2971 | D:3      | Found an opulent altar of Gozag.
  2977 | D:3      | Found a blossoming altar of Fedhas.
  2981 | D:3      | Found a white marble altar of Elyvilon.
  2983 | D:3      | Found a shadowy altar of Dithmenos.
  2984 | D:3      | Found an ancient bone altar of Kikubaaqudgha.
  2989 | D:3      | Found a stormy altar of Qazlal.
  3046 | D:3      | Reached skill level 3 in Short Blades
  3046 | D:3      | Reached XP level 5. HP: 25/25 MP: 9/11
  3051 | D:3      | Found a runed translucent door.
  3053 | D:3      | Noticed Crazy Yiuf
  3060 | D:3      | Killed Crazy Yiuf
  3068 | D:3      | Identified the +6 hammer of Royalism {protect, Contam rElec
                  | SInv Stlth+}
  3354 | D:3      | Noticed Sigmund
  3410 | D:4      | Noticed a phantom
  3445 | D:4      | Upgraded the game from 0.30-a0-728-gc68057be0a to
                  | 0.30-a0-737-gf23d94013f
  3580 | D:3      | Killed Sigmund
  3581 | D:3      | Reached skill level 4 in Dodging
  3581 | D:3      | Reached skill level 4 in Spellcasting
  3581 | D:3      | Reached XP level 6. HP: 9/30 MP: 0/13
  3629 | D:3      | Became a worshipper of Kikubaaqudgha
  3661 | D:4      | Noticed Robin
  4064 | D:4      | Reached skill level 4 in Short Blades
  4122 | D:4      | Killed Robin
  4122 | D:4      | Reached * piety under Kikubaaqudgha
  4122 | D:4      | Received a gift from Kikubaaqudgha
  4425 | D:4      | Reached skill level 6 in Stealth
  4496 | D:4      | Reached skill level 2 in Fighting
  4496 | D:4      | Reached XP level 7. HP: 34/35 MP: 14/14
  4551 | D:4      | Noticed Grinder
  4554 | D:4      | Killed Grinder
  4555 | D:4      | Reached skill level 5 in Short Blades
  4555 | D:4      | Reached skill level 5 in Dodging
  4555 | D:4      | Reached skill level 5 in Hexes
  4591 | D:5      | Entered Level 5 of the Dungeon
  5019 | D:5      | Reached skill level 5 in Spellcasting
  5035 | D:5      | Reached skill level 1 in Necromancy
  5035 | D:5      | Reached XP level 8. HP: 33/39 MP: 8/16
  5319 | D:5      | Reached skill level 6 in Short Blades
  5477 | D:5      | Found a hide-covered altar of Uskayaw.
  5659 | D:5      | Reached skill level 3 in Fighting
  6027 | D:6      | Reached skill level 6 in Hexes
  6227 | D:6      | Reached skill level 6 in Dodging
  6230 | D:6      | Reached skill level 2 in Necromancy
  6525 | D:6      | Reached ** piety under Kikubaaqudgha
  6618 | D:7      | Found a staircase to the Ecumenical Temple.
  6625 | D:7      | Reached skill level 7 in Short Blades
  6637 | D:7      | Reached skill level 6 in Spellcasting
  6637 | D:7      | Reached XP level 9. HP: 44/44 MP: 14/19
  6640 | Temple   | Entered the Ecumenical Temple
  6837 | D:7      | Noticed a troll
  7114 | D:7      | Found a broken altar of Ashenzari.
  7223 | D:7      | Found a burning altar of Makhleb.
  7282 | D:7      | Reached skill level 3 in Necromancy
  7510 | D:7      | Killed a troll
  7615 | D:7      | Found a sparkling altar of Nemelex Xobeh.
  7832 | D:7      | Reached skill level 7 in Dodging
  7922 | D:7      | Reached skill level 7 in Hexes
  8077 | D:7      | Reached skill level 8 in Short Blades
  8213 | D:8      | Gained mutation: You have hidden genetic potential. [potion
                  | of mutation]
  8213 | D:8      | Gained mutation: Armour fits poorly on your strangely
                  | shaped body. [potion of mutation]
  8213 | D:8      | Gained mutation: You are occasionally teleported next to
                  | monsters. [potion of mutation]
  8214 | D:8      | Lost mutation: Armour fits poorly on your strangely shaped
                  | body. [potion of mutation]
  8214 | D:8      | Lost mutation: You have hidden genetic potential. [potion
                  | of mutation]
  8214 | D:8      | Lost mutation: You are occasionally teleported next to
                  | monsters. [potion of mutation]
  8214 | D:8      | Gained mutation: You occasionally lose the ability to read
                  | scrolls when taking damage. [potion of mutation]
  8214 | D:8      | Gained mutation: Your magical capacity is low. (-10% MP)
                  | [potion of mutation]
  8215 | D:8      | Lost mutation: You occasionally lose the ability to read
                  | scrolls when taking damage. [potion of mutation]
  8215 | D:8      | Lost mutation: Your magical capacity is low. (-10% MP)
                  | [potion of mutation]
  8215 | D:8      | Gained mutation: You have a pair of small horns on your
                  | head. [potion of mutation]
  8215 | D:8      | Gained mutation: Your body sometimes deteriorates upon
                  | taking damage. [potion of mutation]
  8215 | D:8      | Gained mutation: Your magical capacity is low. (-10% MP)
                  | [potion of mutation]
  8215 | D:8      | Gained mutation: You are somewhat resistant to further
                  | mutation. [potion of mutation]
  8242 | D:8      | Learned a level 1 spell: Necrotise
  8246 | D:8      | Learned a level 3 spell: Tukima's Dance
  8273 | D:8      | Reached skill level 4 in Fighting
  8467 | D:8      | Reached *** piety under Kikubaaqudgha
  8467 | D:8      | Received a gift from Kikubaaqudgha
  8815 | D:8      | Reached skill level 7 in Spellcasting
  8916 | D:7      | Upgraded the game from 0.30-a0-737-gf23d94013f to
                  | 0.30-a0-743-gbfdf073431
  8951 | D:8      | Learned a level 3 spell: Vampiric Draining
  9023 | D:8      | Found Kent's Jewellery Boutique.
  9051 | D:8      | Reached XP level 10. HP: 50/50 MP: 14/19
  9054 | D:8      | Reached skill level 4 in Necromancy
  9495 | D:8      | Identified the +0 leather armour "Cosuenecw" {rF+}
  9787 | D:8      | Reached skill level 8 in Hexes
  9908 | D:9      | Reached **** piety under Kikubaaqudgha
  9948 | D:9      | Noticed Joseph
  9957 | D:9      | HP: 2/51 [Joseph/+0 quarterstaff (16)]
  9959 | D:9      | Shot with a sling bullet by Joseph

Illustrated notes

Levels and vault maps discovered:
D:1:      minmay_arrival_four_circles, layout_basic, serial_shops,
          nicolae_shop_behind_doors, minmay_misc_feat_hallway
D:2:      layout_loops_ring, serial_shops, shop, dreamdust_princess_bridge,
          uniq_terence
D:3:      layout_loops_ring, nicolae_overflow_hallway_of_the_gods,
          due_unseen_surprise, uniq_sigmund, uniq_crazy_yiuf_cottage
D:4:      layout_loops_ring, amethyst_killhole, uniq_robin, uniq_grinder
D:5:      layout_loops_ring, marbit_many_paths, minmay_increasing_density
D:6:      layout_cave_pools, chequers_avenue
D:7:      layout_gridville, mainiacjoe_overflow_alcove_1,
          grunt_temple_overflow_open, minmay_temple_entry_large_hall
D:8:      layout_gridville, serial_shops, shop
D:9:      layout_roguey [special_room_bee], fiery_altar_vehumet,
          hiddenorc1_lemuel, patterned_corridor, uniq_joseph
Temple:   nicolae_temple_bog_church

Skill      XL: |  1  2  3  4  5  6  7  8  9 10 |
---------------+-------------------------------+-----
Dodging        | 3 4 5 6 7 |  7.9
Short Blades   | 2 3 4 5 7 8 |  8.9
Spellcasting   | 3 4 5 6 7 |  7.3
Hexes          | 4 5 6 7 8 |  8.0
Fighting       | 1 2 3 4 |  4.4
Stealth        | 5 6 |  6.0
Necromancy     | 1 2 3 4 |  4.4

Action                     |  1- 3 |  4- 6 |  7- 9 | 10-12 || total
---------------------------+-------+-------+-------+-------++-------
  Melee: Dagger            |   185 |   217 |   369 |   139 ||   910
         Punch             |     1 |     2 |     4 |     1 ||     8
         Headbutt          |       |       |    12 |    31 ||    43
  Throw: Stone             |     4 |       |     1 |       ||     5
   Cast: Ensorcelled Hiber |     4 |    13 |    32 |    24 ||    73
         Confusing Touch   |       |     3 |    27 |       ||    30
         Necrotise         |       |       |    13 |     7 ||    20
         Tukima's Dance    |       |       |     1 |     2 ||     3
         Vampiric Draining |       |       |       |     3 ||     3
  Evoke: Wand              |       |     1 |       |       ||     1
    Use: Scroll            |       |     6 |     4 |       ||    10
         Potion            |       |       |    10 |       ||    10
   Stab: Sleeping          |     8 |    14 |    30 |    14 ||    66
         Confused          |       |     1 |    23 |       ||    24
         Distracted        |       |       |       |     1 ||     1
 Armour: Robe              |     8 |    18 |    16 |     3 ||    45
  Dodge: Dodged            |   119 |   135 |   238 |    91 ||   583

Table legend: (Time is in decaauts)
 A = Elapsed time spent in this place.
 B = Non-inter-level travel time spent in this place.
 C = Inter-level travel time spent in this place.
 D = Time resting spent in this place.
 E = Time spent auto-exploring this place.
 F = Levels seen in this place.
 G = Mean time per level.
                   A        B        C        D        E       F      G
               +--------+--------+--------+--------+--------+-----+--------+
         Total |   7214 |   7048 |    166 |   1045 |   3849 |  10 |  721.4 |
       Dungeon |   7096 |   6935 |    161 |   1045 |   3742 |   9 |  788.4 |
        Temple |    118 |    114 |      4 |      0 |    107 |   1 |  118.0 |
               +--------+--------+--------+--------+--------+-----+--------+

Top non-repeatable levels by time:
     D:8: 1207 daAuts
     D:3: 1028 daAuts
     D:5: 956 daAuts
     D:7: 949 daAuts
     D:2: 779 daAuts
     D:1: 763 daAuts
     D:4: 698 daAuts
     D:6: 618 daAuts
  Temple: 118 daAuts
     D:9: 94 daAuts

Table legend:
 A = Non-vault XP
 B = Vault XP
 C = Vault XP percentage of total XP
 D = Non-vault monster count
 E = Vault monster count
 F = Vault count percentage of total count
                 A         B        C        D         E       F
            +---------+---------+-------+---------+---------+-------
      Total |    5645 |    1250 |  18.1 |     157 |      44 |  21.9
            +---------+---------+-------+---------+---------+-------
        D:1 |      42 |       0 |   0.0 |      25 |       0 |   0.0
        D:2 |      71 |      36 |  33.6 |      20 |       1 |   4.8
        D:3 |      84 |     273 |  76.5 |      18 |       2 |  10.0
        D:4 |     268 |     292 |  52.1 |      15 |      12 |  44.4
        D:5 |     493 |     476 |  49.1 |      11 |      12 |  52.2
        D:6 |     633 |       0 |   0.0 |       7 |       0 |   0.0
        D:7 |    1740 |       0 |   0.0 |      23 |       0 |   0.0
        D:8 |    2145 |     128 |   5.6 |      35 |       2 |   5.4
        D:9 |     169 |      45 |  21.0 |       3 |      15 |  83.3
            +---------+---------+-------+---------+---------+-------
